 Dungeon Crawl Stone Soup version 0.28-a0-861-ge64d6db94f (webtiles) character file.

Game seed: 3483662153762743257

207 Zenkrye the Insei (level 5, -13/42 HPs)
             Began as a Demigod Transmuter on Nov 15, 2021.
             Mangled by Menkaure (20 damage)
             ... on level 4 of the Dungeon.
             The game lasted 00:10:51 (4358 turns).

Zenkrye the Insei (Demigod Transmuter)              Turns: 4358, Time: 00:10:52

Health: -13/42     AC:  2    Str: 11    XL:     5   Next: 29%
Magic:  3/11       EV: 19    Int: 19    God:
Gold:   842        SH:  0    Dex: 19    Spells: 0/8 levels left

rFire   . . .      SeeInvis .     - Unarmed
rCold   . . .      Faith    .   (shield currently unavailable)
rNeg    . . .      Spirit   .   (armour currently unavailable)
rPois   x          Reflect  .   (helmet currently unavailable)
rElec   .          Harm     .   (cloak currently unavailable)
rCorr   .          Rampage  .   (gloves currently unavailable)
Will    .....                   (boots currently unavailable)
Stlth   ++........              (no amulet)
HPRegen 0.14/turn               (no ring)
MPRegen 0.12/turn               (no ring)

@: spider-form (expiring), very slightly contaminated
A: venomous fangs, tiny, high mp 1, forlorn
a: End Transformation


You were on level 4 of the Dungeon.
You were a venomous arachnid creature.
You visited 1 branch of the dungeon, and saw 4 of its levels.

You collected 884 gold pieces.
You spent 42 gold pieces at shops.

Inventory:

Armour
 a - a +0 robe (melded)
 g - a +0 helmet (melded)
Magical Staves
 b - a staff of cold
Scrolls
 e - a scroll of teleportation {@r3}
 i - a scroll of silence
Potions
 c - a potion of brilliance
 d - a potion of mutation {unknown}
 f - 2 potions of curing {unknown}
 h - 2 potions of attraction {unknown}
 j - 2 potions of heal wounds {unknown}
 k - a potion of haste {unknown}


   Skills:
 + Level 2.4 Fighting
 + Level 1.8 Dodging
 + Level 3.6 Unarmed Combat
 + Level 2.1 Spellcasting
 + Level 3.0 Transmutations
 + Level 0.0 Ice Magic
 - Level 2.0 Poison Magic


You couldn't memorise any spells.
You knew the following spells:

 Your Spells              Type           Power      Damage    Failure   Level
a - Beastly Appendage     Tmut           26%        N/A       14%         1
b - Spider Form           Tmut/Pois      11%        N/A       38%         3
c - Ice Form              Ice/Tmut       7%         N/A       83%         4

Your spell library contained the following spells:

 Spells                   Type           Power      Damage    Failure   Level
 Wereblood                Tmut           13%        N/A       21%         2
 Ignite Poison            Fire/Tmut/Pois 8%         N/A       47%         3
 Mephitic Cloud           Conj/Pois/Air  4%         N/A       58%         3
 Call Canine Familiar     Summ           2%         N/A       67%         3
 Portal Projectile        Hex/Tloc       4%         N/A       67%         3
 Leda's Liquefaction      Hex/Erth       1%         N/A       95%         4
 Freezing Cloud           Conj/Ice/Air   1%         6-21      100%        5


Dungeon Overview and Level Annotations

Branches:
Dungeon (4/15)
 Temple: D:4-7

Shops:
D:1 *   D:4 *

Annotations:
D:4 Menkaure


Innate Abilities, Weirdness & Mutations

You are a venomous arachnid creature.
You have poisonous fangs.
You are tiny and dextrous.
Your spellcasting is less reliable in this form.
Your armour is entirely melded.
You are incapable of wielding weapons or throwing items.
Your attributes grow dramatically as you level up.
You have an increased reservoir of magic. (+10% MP)
You shall have no god before yourself.


Message History

You miscast Spider Form.
Nothing appears to happen.
Casting: Spider Form (quite dangerous; 19% risk of failure)
Confirm with . or Enter, or press ? or * to list all spells.
The spell is quite dangerous to cast (19% risk of failure)!
Continue anyway?
You turn into a venomous arachnid creature.
Your +0 helmet melds into your body.
Your +0 robe melds into your body.
Menkaure calls on the powers of darkness!
Your body is wracked with pain!
Menkaure completely misses you.
You hit Menkaure but do no damage. You hit Menkaure.
Menkaure is lightly damaged.
Menkaure misses you.
You hit Menkaure.
Menkaure is moderately damaged.
Menkaure completely misses you.
You completely miss Menkaure.
Menkaure is moderately damaged.
Menkaure hits you!
* * * LOW HITPOINT WARNING * * *
You completely miss Menkaure.
Menkaure is moderately damaged.
You hit Menkaure but do no damage.
Menkaure is moderately damaged.
Your transformation is almost over.
Menkaure completely misses you.
You hit Menkaure.
Menkaure is heavily damaged.
Menkaure closely misses you.
You hit Menkaure.
Menkaure is heavily damaged.
Menkaure gestures at you while chanting.
Pain shoots through your body!
* * * LOW HITPOINT WARNING * * *
You hit Menkaure.
Menkaure is heavily damaged.
You hit Menkaure.
Menkaure is severely damaged.
Menkaure hits you!!
You die...

. #. .. .## .# .(
#.# #.# ..#
#..###.# #..#..#
#.M.# ###s.######
##.......... .#
#..########. .##
#.## .) ###.#
#.## #...#
#..####.######
##...........##
##...........<.##


You could see Menkaure.

Vanquished Creatures
  A hound (D:3)
  Natasha (thrice) (D:2)
  Robin (D:1)
  An adder (D:2)
  4 worms
  A dart slug (D:1)
  3 ball pythons
  3 endoplasms
  2 giant cockroaches
  18 goblins
  10 hobgoblins
  4 quokkas
  5 bats
  4 frilled lizards
  3 kobolds (D:2)
  2 rats
65 creatures vanquished.

Notes
Turn   | Place    | Note
-------+----------+-------------------------------------------
     0 | D:1      | Zenkrye the Demigod Transmuter began the quest for the Orb.
     0 | D:1      | Reached XP level 1. HP: 15/15 MP: 5/5
     6 | D:1      | Noticed a polar bear
     7 | D:1      | Noticed a hound
     7 | D:1      | Noticed a swamp drake
    58 | D:1      | Reached skill level 1 in Fighting
   313 | D:1      | Reached XP level 2. HP: 5/23 MP: 5/7
   881 | D:1      | Found Xotsevur's General Store.
  1423 | D:2      | Noticed Natasha
  1431 | D:2      | Killed Natasha
  1432 | D:2      | Reached XP level 3. HP: 21/30 MP: 5/8
  1436 | D:2      | Learned a level 3 spell: Spider Form
  1783 | D:2      | Noticed Robin
  2229 | D:2      | Reached XP level 4. HP: 37/37 MP: 5/9
  2648 | D:1      | Killed Robin
  2649 | D:1      | Reached skill level 1 in Poison Magic
  3408 | D:2      | Noticed Natasha
  3417 | D:2      | Killed Natasha
  3606 | D:2      | Noticed Natasha
  3619 | D:2      | Killed Natasha
  3620 | D:2      | Reached XP level 5. HP: 31/42 MP: 6/10
  3710 | D:2      | Identified a scroll of acquirement
  3710 | D:2      | Acquired 772 gold pieces
  3719 | D:2      | Learned a level 4 spell: Ice Form
  4298 | D:4      | Found Xablecvi's General Store.
  4303 | D:4      | Bought a scroll of teleportation for 42 gold pieces
  4337 | D:4      | Noticed Menkaure
  4358 | D:4      | Mangled by Menkaure

Illustrated notes

Levels and vault maps discovered:
D:1:      onia_arrival_zoo_common, layout_basic, serial_shops,
          nicolae_shop_stone, supply_closet_lemuel
D:2:      layout_basic, shapermc_ecumenical_altar_totnotflames, basic_altar,
          uniq_robin, uniq_natasha
D:3:      layout_rooms, bh_walls_and_bars
D:4:      layout_rooms, minitemple, minmay_overflow_temple_star_quad,
          serial_shops, nicolae_shop_statue_plus, shop,
          nicolae_shop_window_shopping, shop, uniq_menkaure, uniq_ijyb

Skill      XL: |  1  2  3  4  5 |
---------------+----------------+-----
Fighting       | 1 2 |  2.4
Unarmed Combat | 3 |  3.6
Spellcasting   | 2 |  2.1
Transmutations | 2 3 |  3.0
Poison Magic   | 1 2 |  2.0
Dodging        | |  1.8

Action                   |  1- 3 |  4- 6 || total
-------------------------+-------+-------++-------
Melee: Unarmed           |    97 |    82 ||   179
       Headbutt          |     6 |       ||     6
       Kick              |    16 |     1 ||    17
 Cast: Beastly Appendage |    26 |     4 ||    30
       Spider Form       |     3 |    12 ||    15
  Use: Scroll            |     4 |     2 ||     6
 Stab: Sleeping          |     1 |       ||     1
Armor: Robe              |     8 |    13 ||    21
       Skin              |       |     3 ||     3
Dodge: Dodged            |    42 |    63 ||   105

Table legend: (Time is in decaauts)
 A = Elapsed time spent in this place.
 B = Non-inter-level travel time spent in this place.
 C = Inter-level travel time spent in this place.
 D = Time resting spent in this place.
 E = Time spent auto-exploring this place.
 F = Levels seen in this place.
 G = Mean time per level.
                   A        B        C        D        E       F      G
               +--------+--------+--------+--------+--------+-----+--------+
         Total |   4351 |   4286 |     65 |    368 |   3325 |   4 | 1087.8 |
       Dungeon |   4351 |   4286 |     65 |    368 |   3325 |   4 | 1087.8 |
               +--------+--------+--------+--------+--------+-----+--------+

Top non-repeatable levels by time:
     D:2: 1881 daAuts
     D:1: 1849 daAuts
     D:3: 560 daAuts
     D:4: 59 daAuts
